 Dungeon Crawl Stone Soup version 0.18-a0-1774-gce1f7b6 (webtiles) character file.

34 Duffy the Chopper (level 3, -5/27 HPs)
             Began as a Formicid Skald on Apr 15, 2016.
             Was an Initiate of the Shining One.
             Killed from afar by Sigmund (6 damage)
             ... with a puff of flame
             ... on level 2 of the Dungeon.
             The game lasted 00:01:50 (1561 turns).

Duffy the Chopper (Formicid Skald)                  Turns: 1561, Time: 00:01:51

Health: -5/27      AC:  3    Str: 16    XL:     3   Next: 50%
Magic:  6/6        EV: 11    Int: 11    God:    the Shining One [......]
Gold:   55         SH:  0    Dex: 11    Spells: 1 memorised, 5 levels left

rFire  . . .     SeeInvis +     a - +0 hand axe
rCold  . . .     Gourm    .     b - +0 leather armour
rNeg   . . .     Faith    .     (no shield)
rPois  .         Spirit   .     (helmet unavailable)
rElec  .         Dismiss  .     (no cloak)
rCorr  .         Reflect  .     (no gloves)
SustAt .         Harm     .     (no boots)
MR     .....                    (no amulet)
Stlth  +.........               (no ring)
                                (no ring)

@: glowing, not resistant to hostile enchantments, very unstealthy
A: permanent stasis, dig shafts and tunnels, four strong arms, antennae 3
a: Dig, Shaft Self, Renounce Religion


You were on level 2 of the Dungeon.
You worshipped the Shining One.
The Shining One was noncommittal.
You were not hungry.

You visited 1 branch of the dungeon, and saw 2 of its levels.

You collected 55 gold pieces.


Innate Abilities, Weirdness & Mutations

You are under a permanent stasis effect.
You can dig through walls and to a lower floor.
Your four strong arms can wield two-handed weapons with a shield.
You have a pair of large antennae on your head (SInv).


   Skills:
 - Level 2.1 Fighting
 + Level 3.6 Axes
 - Level 1.1 Armour
 - Level 0.8 Dodging
 - Level 2.1 Spellcasting
 - Level 3.0 Charms


You had 5 spell levels left.
You knew the following spells:

 Your Spells              Type           Power        Failure   Level  Hunger
a - Infusion              Chrm           #...         12%         1    ##.....

Inventory:

Hand Weapons
 a - a +0 hand axe (weapon)
Missiles
 j - 4 tomahawks (quivered)
Armour
 b - a +0 leather armour (worn)
Scrolls
 e - 2 scrolls of fear
 f - 2 scrolls of recharging {unknown}
 h - 2 scrolls of identify {unknown}
Potions
 g - a potion of degeneration {unknown}
 k - a potion of invisibility {unknown}
 m - a potion of agility {unknown}
 n - a potion of heal wounds {unknown}
 o - a potion of mutation {unknown}
Books
 c - a book of Battle
Comestibles
 d - 2 bread rations
 i - a beef jerky
 l - 3 fruits

Dungeon Overview and Level Annotations

Branches:
Dungeon (2/15)

Altars:
The Shining One

Annotations:
D:2 Sigmund


Message History

You are too injured to fight recklessly!
You are too injured to fight recklessly!
You are too injured to fight recklessly!
You are too injured to fight recklessly!
You are too injured to fight recklessly!
You are too injured to fight recklessly!
You are too injured to fight recklessly!
You are too injured to fight recklessly!
You are too injured to fight recklessly!
You are too injured to fight recklessly!
You are too injured to fight recklessly!
You hit Sigmund.
Sigmund is severely wounded.
Sigmund completely misses you.
You closely miss Sigmund.
Sigmund is severely wounded.
You barely miss Sigmund.
Sigmund is severely wounded.
Sigmund mumbles some strange words.
Sigmund flickers and vanishes for a moment.
Sigmund barely misses you.
You completely miss Sigmund.
Sigmund is severely wounded.
You hit Sigmund but do no damage.
Sigmund is severely wounded.
Sigmund hits you with a scythe!
You hit Sigmund.
Sigmund is almost dead.
Sigmund casts a spell at you. The puff of flame misses you.
You barely miss Sigmund.
Sigmund is almost dead.
Sigmund casts a spell at you. The puff of flame hits you!
You die...

# ## #.# #.#. #.# #.#.
#####.### ...
##.......# ##@###
#........#
###..@.######........#
+......................
####...)######........#
##.#.# #........# ###<#
#........# #.#
#.......## #.#
####.#### #.# #.# #.
#.#


You could see Sigmund (invisible).

Action                   || total
-------------------------++-------
Melee: Hand axe          ||   132
 Abil: Dig               ||     2
  Use: Scroll            ||     1
  Eat: Chunk             ||     2
Armor: Leather armour    ||    66
Dodge: Dodged            ||   105

Notes
Turn   | Place    | Note
--------------------------------------------------------------
     0 | D:1      | Duffy the Formicid Skald began the quest for the Orb.
     0 | D:1      | Reached XP level 1. HP: 16/16 MP: 3/3
   402 | D:1      | Reached XP level 2. HP: 18/22 MP: 5/5
   662 | D:1      | Reached skill level 3 in Axes
   783 | D:1      | Found a glowing golden altar of the Shining One.
   823 | D:1      | Became a worshipper of the Shining One
  1114 | D:1      | Reached XP level 3. HP: 24/27 MP: 6/6
  1547 | D:2      | Noticed Sigmund
  1561 | D:2      | Killed from afar by Sigmund

Vault maps used:
D:1:      sevenhm_arrival_forest_fort_small_5, serial_corexii_hall,
          corexii_hall_statues_l, corexii_hall_statues_i,
          corexii_hall_statues_x, corexii_hall_statues_x, tso_metal_star
D:2:      first_bread, uniq_sigmund

Vanquished Creatures
  A dart slug
  A giant gecko
  3 hobgoblins
  4 jackals
  6 bats
  3 giant newts
  5 goblins
  3 kobolds
  2 rats
28 creatures vanquished.
